 Dungeon Crawl Stone Soup version 0.19-a0-1213-g90c832c (webtiles) character file.

18 LORDOFBUTT the Sneak (level 2, -1/13 HPs)
             Began as a Spriggan Enchanter on Aug 22, 2016.
             Slain by a jackal (3 damage)
             ... on level 2 of the Dungeon.
             The game lasted 00:00:52 (839 turns).

LORDOFBUTT the Sneak (Spriggan Enchanter)            Turns: 839, Time: 00:00:52

Health: -1/13      AC:  3    Str:  4    XL:     2   Next: 48%
Magic:  6/6        EV: 18    Int: 16    God:
Gold:   38         SH:  0    Dex: 16    Spells: 1 memorised, 5 levels left

rFire  . . .     SeeInvis +     a - +1 dagger
rCold  . . .     Gourm    .     b - +1 robe
rNeg   . . .     Faith    .     (shield restricted)
rPois  .         Spirit   .     (helmet restricted)
rElec  .         Dismiss  .     (no cloak)
rCorr  .         Reflect  .     (gloves unavailable)
MR     .....     Harm     .     (boots unavailable)
Stlth  +++.......               (no amulet)
                                (no ring)
                                (no ring)

@: very quick
A: unfitting armour, see invisible, herbivore 3, speed 3, slow metabolism 2
a: no special abilities


You were on level 2 of the Dungeon.
You were not hungry.

You visited 1 branch of the dungeon, and saw 2 of its levels.

You collected 38 gold pieces.

Inventory:

Hand Weapons
 a - a +1 dagger (weapon)
Armour
 b - a +1 robe (worn)
Jewellery
 j - an uncursed ring of ice {unknown}
Scrolls
 g - a scroll of fear {unknown}
 h - 2 scrolls of teleportation {unknown}
 l - 2 scrolls of identify {unknown}
 m - a scroll of magic mapping {unknown}
Potions
 e - 2 potions of beneficial mutation {unknown}
 f - a potion of cancellation {unknown}
 i - a potion of flight {unknown}
 k - a potion of heal wounds {unknown}
Books
 c - a book of Maledictions

   Spells                             Type                      Level
   a - Corona                         Hexes                        1
   b - Ensorcelled Hibernation        Hexes/Ice                    2
   c - Confuse                        Hexes                        3
   d - Tukima's Dance                 Hexes                        3
   e - Dazzling Spray                 Conjuration/Hexes            3
Comestibles
 d - 2 bread rations


   Skills:
 * Level 1.1 Short Blades
 + Level 3.3 Dodging
 * Level 5.2 Stealth
 + Level 2.7 Spellcasting
 + Level 3.9 Hexes


You had 5 spell levels left.
You knew the following spells:

 Your Spells              Type           Power        Failure   Level  Hunger
a - Corona                Hex            ##.....      4%          1    #......


Dungeon Overview and Level Annotations

Branches:
Dungeon (2/15)

Altars:


Innate Abilities, Weirdness & Mutations

You are tiny and cannot use many weapons and most armour.
You have supernaturally acute eyesight. (SInv)
You are a herbivore.
You cover ground extremely quickly.
You need consume almost no food.


Message History

You miss the jackal.
The jackal is heavily wounded.
The jackal completely misses you.
You hit the jackal but do no damage.
The jackal is heavily wounded.
The jackal completely misses you. The jackal bites you.
* * * LOW HITPOINT WARNING * * *
You completely miss the jackal.
The jackal is heavily wounded.
The jackal closely misses you.
You barely miss the jackal.
The jackal is heavily wounded.
The jackal misses you.
You barely miss the jackal.
The jackal is heavily wounded.
The jackal misses you.
You barely miss the jackal.
The jackal is heavily wounded.
The jackal closely misses you. The jackal bites you.
You die...

# ### ###### #.#..
#....# #.#.#######
##...# #...>......
#...#####.#######
#...##..........#
##...###.#h#.#####
###........#h#.#
#+###......#####@# #
..#.#.###......#.#
........†.........
..#.#.#......#.#.#%
....................
###...#...<#.#.#.#
..
......#...##.#.#.#
... ....#.#...## #
#.# ... ..(.#.#...#


You could see 2 jackals.

Vanquished Creatures
  A goblin (D:1)
  2 hobgoblins
  3 jackals (D:2)
  3 bats
  A giant newt (D:2)
  3 kobolds
  4 rats
17 creatures vanquished.

Notes
Turn   | Place    | Note
-------+----------+-------------------------------------------
     0 | D:1      | LORDOFBUTT the Spriggan Enchanter began the quest for the Orb.
     0 | D:1      | Reached XP level 1. HP: 9/9 MP: 5/5
   434 | D:1      | Reached XP level 2. HP: 7/13 MP: 6/6
   804 | D:2      | Reached skill level 5 in Stealth
   839 | D:2      | Slain by a jackal

Vault maps used:
D:1:      dpeg_arrival_simpleton_b
D:2:      gammafunk_temple_overflow_pools, first_bread

Skill      XL: |  1  2 |
---------------+-------+-----
Stealth        | 5 |  5.2
Short Blades   | |  1.1
Dodging        | |  3.3
Spellcasting   | |  2.7
Hexes          | |  3.9

Action                   || total
-------------------------++-------
Melee: Dagger            ||    90
 Stab: Sleeping          ||     6
Armor: Robe              ||    10
Dodge: Dodged            ||    78
